Map: Dash and Terminal LE (Void)

Players

ImotoFantasy

  • Race: Protoss Protoss
  • League: Gold

Dubious - Winner!

  • Race: Terran Terran
  • League: Gold

VOD

Have the link to the VOD?

Description

Time

  • Played on: Oct. 25, 2015, 2:33 p.m.
  • Length: 12:03
Show
View Real Time Build Order
Export as new Build Order

ImotoFantasy Protoss 

Build Orders:  

Get SALT Encoding   

  12  0:01  Probe (Chrono Boost)  
  13  0:15  Pylon  
  13  0:18  Probe (Chrono Boost)  
  15  0:28  Probe (Chrono Boost)  
  15  0:36  Gateway  
  15  0:39  Probe (Chrono Boost)  
  16  0:45  Assimilator  
  16  0:49  Probe (Chrono Boost)  
  17  1:00  Probe (Chrono Boost)  
  18  1:10  Probe (Chrono Boost)  
  19  1:13  Pylon  
  19  1:21  Probe (Chrono Boost)  
  19  1:25  Cybernetics Core  
  20  1:32  Probe (Chrono Boost)  
  21  1:42  Probe (Chrono Boost)  
  22  1:53  Probe (Chrono Boost)  
  23  1:58  Nexus  
  23  2:04  Stalker (Chrono Boost)  
  25  2:08  Warp Gate  
  25  2:13  Assimilator  
  25  2:16  Probe  
  26  2:28  Probe  
  27  2:40  Probe  
  27  2:41  Stalker (Chrono Boost)  
  30  2:47  Robotics Facility  
  30  2:50  Pylon  
  30  2:53  Probe  
  31  3:02  Assimilator  
  31  3:05  Probe  
  25  3:10  Stalker (Chrono Boost)  
  27  3:18  Probe  
  27  3:19  Probe  
  25  3:35  Observer (Chrono Boost)  
  26  3:52  Probe  
  26  3:53  Probe  
  27  4:02  Probe  
  27  4:05  Probe  
  26  4:13  Probe  
  27  4:17  Probe  
  27  4:23  Probe  
  28  4:26  Observer (Chrono Boost)  
  28  4:30  Probe  
  31  4:34  Probe  
  32  4:41  Stalker  
  32  4:43  Probe  
  32  4:45  Probe  
  36  4:55  Probe x2  
  38  5:04  Immortal (Chrono Boost)  
  39  5:08  Stalker  
  38  5:46  Immortal (Chrono Boost)  
  39  5:57  Nexus  
  39  5:59  Pylon  
  39  6:18  Mothership Core, Stalker  
  39  6:56  Probe  
  39  7:04  Pylon  
  39  7:07  Forge  
  39  7:08  Probe  
  39  7:09  Probe  
  39  7:13  Stalker  
  39  7:14  Pylon  
  47  7:15  Immortal (Chrono Boost)  
  47  7:21  Probe  
  48  7:26  Probe  
  49  7:33  Probe  
  49  7:36  Probe  
  50  7:37  Zealot  
  50  7:43  Forge  
  51  7:45  Probe  
  51  7:48  Probe  
  53  7:57  Probe  
  52  8:13  Immortal (Chrono Boost)  
  52  8:14  Stalker  
  52  8:15  Probe  
  52  8:16  Probe  
  52  8:19  Assimilator  
  56  8:20  Protoss Ground Weapons Level 1 (Chrono Boost)  
  56  8:21  Twilight Council  
  56  8:29  Gateway  
  54  8:47  Zealot  
  56  8:55  Gateway  
  56  8:56  Probe  
  56  8:57  Probe  
  56  9:01  Immortal (Chrono Boost)  
  62  9:08  Zealot  
  62  9:24  Probe  
  62  9:25  Probe, Charge (Chrono Boost)  
  64  9:42  Photon Cannon  
  64  9:49  Stalker x2  
  65  10:38  Robotics Facility  
  65  10:45  Pylon  
  65  10:51  Pylon  
  65  10:57  Nexus  
  65  10:59  Photon Cannon  
  65  11:00  Pylon  
  65  11:03  Mothership Core, Probe  
  68  11:05  Pylon  
  68  11:08  Photon Cannon  
  68  11:10  Pylon  
  68  11:11  Zealot x2  
  68  11:12  Zealot, Photon Cannon  
  78  11:35  Stalker x3  
  72  11:55  Robotics Bay  
Show
View Real Time Build Order
Export as new Build Order

Dubious Terran - Winner!

Build Orders: MMM Bio 

Get SALT Encoding   

  12  0:01  SCV  
  13  0:13  SCV  
  14  0:17  Supply Depot  
  14  0:25  SCV  
  15  0:29  Refinery  
  15  0:39  SCV  
  16  0:47  Barracks  
  16  0:51  SCV  
  17  1:03  SCV  
  18  1:08  Barracks  
  18  1:17  SCV  
  19  1:29  SCV  
  20  1:35  Factory  
  20  1:40  Supply Depot  
  20  1:41  Marine  
  21  1:53  Orbital Command  
  20  1:57  Marine  
  21  2:01  Barracks Reactor  
  21  2:19  Widow Mine  
  23  2:25  SCV  
  23  2:27  Barracks Tech Lab  
  24  2:37  SCV  
  24  2:38  Marine x2  
  26  2:48  Supply Depot  
  26  2:49  SCV, Refinery  
  26  2:50  Marauder  
  26  2:51  Widow Mine  
  31  3:09  Marine x2  
  31  3:10  SCV  
  34  3:15  Stimpack, Marine  
  34  3:19  Barracks  
  35  3:20  Widow Mine  
  35  3:24  SCV  
  38  3:27  Marine  
  39  3:41  Supply Depot  
  39  3:43  Supply Depot  
  39  3:56  Widow Mine  
  39  4:02  Marine x2  
  39  4:03  SCV  
  39  4:07  Starport  
  42  4:14  Barracks Tech Lab, Engineering Bay  
  40  4:21  SCV  
  39  4:26  Widow Mine  
  39  4:27  Marine x2  
  39  4:28  Marine  
  44  4:36  SCV  
  44  4:37  Combat Shields  
  43  4:44  Medivac  
  43  4:45  Marine  
  46  4:49  Missile Turret  
  46  4:57  Marine x2  
  48  5:03  Bunker  
  48  5:05  Marine  
  48  5:06  Marine  
  47  5:19  Marine  
  46  5:27  Marauder, Marine  
  45  5:36  Marine x2  
  43  5:50  Marine  
  47  5:57  Starport Reactor  
  47  5:58  Terran Infantry Weapons Level 1  
  47  6:00  Concussive Shells  
  42  6:06  Marauder x2, Marine  
  42  6:08  Marine  
  48  6:13  Widow Mine  
  48  6:14  Command Center  
  50  6:24  Marine  
  51  6:26  Marine  
  44  6:43  Medivac x2  
  39  6:54  Marine x3  
  39  6:55  Marauder  
  42  7:09  Barracks  
  42  7:12  Marine  
  42  7:13  Marauder, Medivac  
  47  7:17  SCV  
  48  7:24  Supply Depot  
  48  7:32  Orbital Command  
  48  7:36  Marine  
  49  7:38  Marine  
  49  7:51  Marine x2  
  51  7:53  Marine  
  46  7:59  Marine  
  42  8:08  Marine  
  42  8:09  Marauder  
  42  8:11  SCV, Marine  
  42  8:12  SCV  
  47  8:16  Barracks Reactor  
  47  8:17  Marine  
  48  8:21  Terran Infantry Armor Level 1  
  48  8:23  SCV  
  48  8:26  SCV, Marine  
  51  8:29  Marine, Medivac  
  51  8:30  Marine  
  55  8:34  Marine  
  55  8:45  Marine  
  57  8:48  SCV x2, Marauder  
  57  8:51  Supply Depot  
  57  8:52  Refinery, Medivac  
  57  8:53  Marine  
  57  8:54  Marine  
  63  8:57  Marine x2  
  63  9:02  SCV  
  66  9:03  SCV, Marine  
  67  9:11  Liberator  
  67  9:12  Marauder, Marine  
  67  9:17  Liberator  
  66  9:20  Marine  
  66  9:21  Marauder  
  66  9:23  SCV x2  
  70  9:25  Factory  
  70  9:27  Refinery  
  73  9:34  Marauder  
  73  9:35  Marine  
  79  9:40  SCV x2  
  81  9:46  Supply Depot, Marine  
  81  9:52  SCV, Marine  
  84  9:53  Marauder  
  84  9:59  Supply Depot  
  86  10:05  Barracks  
  86  10:07  Marine x4  
  90  10:15  Marine x2  
  90  10:19  Liberator x2  
  88  10:25  Marine x4  
  88  10:33  Marine  
  89  10:38  Armory  
  95  10:43  Marine x2  
  95  10:44  Marine  
  98  11:03  Marine x2  
  98  11:04  Marauder  
  102  11:09  Command Center  
  102  11:12  Supply Depot  
  102  11:15  Marine x3  
  105  11:22  Marine  
  105  11:25  Marine  
  110  11:33  Marine x4  
  114  11:44  Marine x2  
Tags
 
Add a new tag
Caveats
  • Supply blocks, unpowered buildings, or Contaminate may cause inaccurate times.
  • Supply counts are checked every 10 seconds.